 Dungeon Crawl Stone Soup version 0.19-a0-1920-g83281cb (webtiles) character file.

38 Leszczynek the Cudgeler (level 3, 0/36 HPs)
             Began as an Ogre Warper on Oct 23, 2016.
             Slain by a centaur
             ... wielding a cursed +0 shortbow
              (10 damage)
             ... on level 3 of the Dungeon.
             The game lasted 00:02:46 (598 turns).

Leszczynek the Cudgeler (Ogre Warper)                Turns: 598, Time: 00:02:47

Health: 0/36       AC:  3    Str: 16    XL:     3   Next: 43%
Magic:  6/6        EV: 10    Int: 12    God:
Gold:   52         SH:  0    Dex: 10    Spells: 1 memorised, 4 levels left

rFire  . . .     SeeInvis .     a - +0 mace
rCold  . . .     Gourm    .     b - +0 robe
rNeg   . . .     Faith    .     (no shield)
rPois  .         Spirit   .     (helmet restricted)
rElec  .         Reflect  .     (no cloak)
rCorr  .         Harm     .     (gloves unavailable)
MR     .....                    (boots unavailable)
Stlth  +.........               (no amulet)
                                (no ring)
                                (no ring)

@: no status effects
A: unfitting armour, tough skin 1
a: no special abilities


You were on level 3 of the Dungeon.
You were not hungry.

You visited 1 branch of the dungeon, and saw 3 of its levels.

You collected 52 gold pieces.

Inventory:

Hand Weapons
 a - a +0 mace (weapon)
Missiles
 e - 3 tomahawks of dispersal (quivered)
Armour
 b - a +0 robe (worn)
Scrolls
 f - a scroll of blinking
 h - a scroll of recharging {unknown}
 i - a scroll of remove curse {unknown}
 j - a scroll of enchant armour {unknown}
 k - a scroll of teleportation {unknown}
Potions
 l - a potion of curing
Books
 c - a book of Spatial Translocations

   Spells                             Type                      Level
   a - Blink                          Translocation                2
   b - Shroud of Golubria             Charms/Translocation         2
   c - Lesser Beckoning               Translocation                3
   d - Portal Projectile              Translocation                3
   e - Teleport Other                 Translocation                3
   f - Passage of Golubria            Translocation                4
Comestibles
 d - 2 bread rations
 g - 4 chunks of flesh


   Skills:
 - Level 2.6 Fighting
 + Level 5.0 Maces & Flails
 - Level 1.0 Throwing
 - Level 2.1 Dodging
 - Level 2.4 Spellcasting
 - Level 2.1 Translocations


You had 4 spell levels left.
You knew the following spells:

 Your Spells              Type           Power        Failure   Level  Hunger
a - Blink                 Tloc           N/A          17%         2    ###....


Dungeon Overview and Level Annotations

Branches:
Dungeon (3/15)

Altars:


Innate Abilities, Weirdness & Mutations

You are too large for most types of armour.
You have tough skin. (AC +1)


Message History

You see here a bat skeleton.
A centaur comes into view.
The centaur shouts!
The centaur wields a shortbow.
The centaur shoots an arrow.
The arrow barely misses you.
You see here an arrow.
The centaur shoots an arrow.
The arrow hits you!
You see here 2 arrows.
The centaur hits you with a shortbow.
Okay, then.
You hit the centaur but do no damage. The centaur hits you with a shortbow.
The centaur closely misses you.
You hit the centaur but do no damage. The centaur barely misses you.
The centaur hits you with a shortbow.
You hit the centaur but do no damage. The centaur completely misses you.
You barely miss the centaur. The centaur barely misses you. x2
You barely miss the centaur. The centaur hits you with a shortbow.
You hit the centaur but do no damage. The centaur hits you with a shortbow.
The centaur hits you with a shortbow!
You die...

#.#.#####.....#........#.#
#.#.#.........#..###..##.#
#.#.#.##........(##.......
#.....##..........(...<#.#
###.####....##.>.##.####.#
#.#####.####.######..........#
#....................(.#######
#.#####.######.####.#..#
#.....(@......#..#
########c######[.# .... ...#
#......#.## ####...#.# .#....
# #.#


You could see a centaur.

Vanquished Creatures
  2 adders (D:2)
  2 leopard geckos
  A giant cockroach (D:1)
  2 hobgoblins (D:1)
  5 kobolds
  A quokka (D:3)
  4 bats
  3 rats
20 creatures vanquished.

Notes
Turn   | Place    | Note
-------+----------+-------------------------------------------
     0 | D:1      | Leszczynek the Ogre Warper began the quest for the Orb.
     0 | D:1      | Reached XP level 1. HP: 22/22 MP: 3/3
    77 | D:1      | Reached skill level 3 in Maces & Flails
   198 | D:1      | Reached XP level 2. HP: 15/29 MP: 5/5
   304 | D:2      | Reached skill level 4 in Maces & Flails
   415 | D:2      | Learned a level 2 spell: Blink
   430 | D:2      | Reached XP level 3. HP: 29/36 MP: 6/6
   572 | D:3      | Reached skill level 5 in Maces & Flails
   588 | D:3      | Noticed a centaur
   598 | D:3      | Slain by a centaur

Vault maps used:
D:1:      lemuel_arrival_muddy, grunt_decor_mini_mirrors
D:2:      nicolae_ru_awakened_eye, minitemple, hangedman_glass_teeth
D:3:      cheibrodos_greedy_goblins, chequers_temple_overflow_statue_of_worship

Skill      XL: |  1  2  3 |
---------------+----------+-----
Maces & Flails | 3 4 5 |  5.0
Fighting       | |  2.6
Throwing       | |  1.0
Dodging        | |  2.1
Spellcasting   | |  2.4
Translocations | |  2.1

Action                   || total
-------------------------++-------
Melee: Mace              ||    80
Throw: Tomahawk          ||     2
  Use: Potion            ||     1
Armor: Robe              ||    31
Dodge: Dodged            ||    69
